 Dungeon Crawl Stone Soup version 0.27-b1-42-g19c61b19a5 (webtiles) character file.

Game seed: 5541497524629213896

2305 Sin92 the Poker (level 9, -5/66 (68) HPs)
             Began as a Demonspawn Fighter on July 29, 2021.
             Was an Elder of Okawaru.
             Slain by an eight-headed hydra (11 damage)
             ... on level 6 of the Dungeon.
             The game lasted 00:13:45 (9073 turns).

Sin92 the Poker (Demonspawn Fighter)                Turns: 9073, Time: 00:13:45

HP:   -5/66 (68)    AC: 18    Str: 17    XL:     9   Next: 18%
MP:   0/13          EV:  4    Int:  9    God:    Okawaru [****..]
Gold: 177           SH: 11    Dex: 16    Spells: 8/8 levels left

rFire    . . .     SeeInvis .   a - +0 trident
rCold    . . .     Faith    +   c - +1 kite shield
rNeg     + . .     Spirit   +   v - +0 plate armour
rPois    .         Reflect  .   (helmet restricted)
rElec    .         Harm     .   k - +2 cloak
rCorr    .         Rampage  .   t - +0 pair of gloves
Will     .....                  (no boots)
Stlth    ..........             q - amulet of faith
HPRegen  0.21/turn              u - ring of positive energy
MPRegen  0.26/turn              (no ring)

@: lightly drained
A: antennae 1, claws 2, talons 2, magic shield, magic regeneration, iridescent
scales 1, screaming 1
a: Renounce Religion, Heroism


You were on level 6 of the Dungeon.
You worshipped Okawaru.
Okawaru was greatly pleased with you.
You visited 1 branch of the dungeon, and saw 8 of its levels.

You collected 177 gold pieces.

Inventory:

Hand Weapons
 a - a +0 trident (weapon)
Armour
 b - a +0 scale mail
 c - a +1 kite shield (worn)
 k - a +2 cloak (worn)
 t - a +0 pair of gloves (worn)
 v - a +0 plate armour (worn)
Jewellery
 q - an amulet of faith (around neck)
 u - a ring of positive energy (left hand)
Wands
 l - a wand of iceblast (10)
 p - a wand of flame (23)
Scrolls
 s - 3 scrolls of identify
Potions
 g - a potion of flight
 i - a potion of brilliance
 m - a potion of attraction
 o - 2 potions of mutation


   Skills:
 + Level 5.5 Fighting
 * Level 6.3 Polearms
 + Level 5.0 Armour
 + Level 3.9 Dodging
 + Level 5.0 Shields
 + Level 5.5 Invocations


You had 8 spell levels left.
You didn't know any spells.
Your spell library contained the following spells:

 Spells                   Type           Power      Damage    Failure   Level
 Corpse Rot               Necr/Air       N/A        N/A       100%        2
 Poisonous Vapours        Pois/Air       0%         N/A       100%        2
 Sublimation of Blood     Necr           0%         N/A       100%        2
 Wereblood                Tmut           0%         N/A       100%        2
 Freezing Cloud           Conj/Ice/Air   0%         6-21      100%        5
 Summon Hydra             Summ           0%         N/A       100%        7


Dungeon Overview and Level Annotations

Branches:
Dungeon (8/15)             Temple (0/1) D:5
   Lair: D:8-11

Altars:
Ashenzari
Elyvilon
Okawaru
Qazlal
Sif Muna
Yredelemnul

Annotations:
D:8 Erica


Innate Abilities, Weirdness & Mutations

You have a pair of small antennae on your head.
You have very sharp fingernails.
You have razor-sharp toenails.
When hurt, damage is shared between your health and your magic reserves.
You regenerate magic rapidly.
You are partially covered in iridescent scales. (AC +2)
You occasionally shout uncontrollably at your foes.


Message History

The eight-headed hydra bites you but does no damage. x2
The eight-headed hydra bites you.
The eight-headed hydra bites you but does no damage.
The eight-headed hydra bites you.
The eight-headed hydra bites you but does no damage. x2
The vampire bat bites you but does no damage.
The eight-headed hydra bites you!
You block the eight-headed hydra's attack.
The eight-headed hydra completely misses you.
You block the eight-headed hydra's attack.
The eight-headed hydra barely misses you.
The eight-headed hydra bites you.
The eight-headed hydra bites you but does no damage.
The eight-headed hydra bites you.
The vampire bat bites you but does no damage.
The vampire bat bites you but does no damage.
Unknown command.
The vampire bat bites you but does no damage.
You hit the vampire bat but do no damage.
You claw the vampire bat.
You destroy the vampire bat!
Okawaru accepts your kill. The eight-headed hydra bites you.
The eight-headed hydra bites you but does no damage.
The eight-headed hydra barely misses you.
The eight-headed hydra bites you.
You block the eight-headed hydra's attack.
The eight-headed hydra bites you but does no damage.
You block the eight-headed hydra's attack.
The eight-headed hydra bites you!
* * * LOW HITPOINT WARNING * * *
The eight-headed hydra bites you but does no damage.
The eight-headed hydra bites you!
* * * LOW HITPOINT WARNING * * *
The eight-headed hydra bites you but does no damage.
You block the eight-headed hydra's attack.
The eight-headed hydra completely misses you.
The eight-headed hydra bites you but does no damage.
The eight-headed hydra bites you!
You die...

.....##.#### #.# ##
........(..# #.# #####
##.#######.######
#.#####...# #.#
#......>## ####........<.
#.#
#..#.....###....###......
##.#
#..#.....................
...#
#.[#.....###.##.###......
####
#..##..D####.##..........
#..###..@........>.......
#......#####.##.######.#.
#########.######
#.##.######.##
.......(..#
#.##.#........
###########
#.##.#.####.##
#......####.#
####........# ##########


You could see an eight-headed hydra.

Vanquished Creatures
  3 yaks (D:6)
  A wyvern (D:8)
  A black bear (D:6)
  An orc warrior (D:7)
  A sky beast (D:7)
  An ogre (D:6)
  2 centaurs (D:5)
  A kobold brigand (D:8)
  2 bullfrogs (D:6)
  A scorpion (D:5)
  A water moccasin skeleton (D:4)
  A wight (D:7)
  A killer bee (D:8)
  2 vampire bats
  A howler monkey (D:5)
  2 centaur zombies
  2 bullfrog zombies
  3 hounds
  A jelly (D:6)
  2 orc priests (D:5)
  A bullfrog skeleton (D:5)
  A scorpion zombie (D:5)
  A hound skeleton (D:4)
  A mummy (D:5)
  4 adders
  A howler monkey skeleton (D:6)
  11 gnolls
  A shadow imp (D:6)
  A white imp (D:5)
  An adder zombie (D:2)
  An adder skeleton (D:2)
  2 worms (D:2)
  A dart slug (D:2)
  15 orcs
  10 ball pythons
  2 bat skeletons (D:2)
  8 endoplasms
  3 giant cockroaches
  11 goblins
  6 hobgoblins
  4 jackals (D:4)
  10 kobolds
  10 quokkas
  2 ball python skeletons (D:2)
  8 bats
  4 frilled lizards
  A hobgoblin zombie (D:5)
  A jackal skeleton (D:2)
  A jackal zombie (D:2)
  2 kobold zombies (D:5)
  An orc zombie (D:5)
  10 rats
  A spectral orc (D:7)
167 creatures vanquished.

Vanquished Creatures (others)
  8 withered plants (D:2)
8 creatures vanquished.

Grand Total: 175 creatures vanquished

Notes
Turn   | Place    | Note
-------+----------+-------------------------------------------
     0 | D:1      | Sin92 the Demonspawn Fighter began the quest for the Orb.
     0 | D:1      | Reached XP level 1. HP: 18/18 MP: 1/1
    81 | D:1      | Reached skill level 2 in Polearms
    92 | D:1      | Gained mutation: You have a pair of small antennae on your
                  | head. [demonic ancestry]
    92 | D:1      | Reached XP level 2. HP: 6/24 MP: 2/2
   543 | D:1      | Found a faded altar of an unknown god.
   848 | D:1      | Reached XP level 3. HP: 19/29 MP: 3/3
  1368 | D:2      | Found an iron altar of Okawaru.
  1388 | D:2      | Became a worshipper of Warmaster Okawaru
  1638 | D:2      | Reached skill level 1 in Dodging
  2053 | D:2      | Gained mutation: You have sharp fingernails. [demonic
                  | ancestry]
  2053 | D:2      | Reached XP level 4. HP: 23/35 MP: 4/4
  2295 | D:2      | Reached skill level 1 in Invocations
  2881 | D:3      | Gained mutation: You regenerate magic rapidly. [demonic
                  | ancestry]
  2881 | D:3      | Reached XP level 5. HP: 36/36 MP: 5/5
  3060 | D:3      | Reached skill level 3 in Polearms
  3705 | D:3      | Gained mutation: You are partially covered in iridescent
                  | scales. (AC +2) [potion of mutation]
  3705 | D:3      | Gained mutation: You occasionally shout uncontrollably at
                  | your foes. [potion of mutation]
  4179 | D:4      | Gained mutation: You have sharp toenails. [demonic
                  | ancestry]
  4179 | D:4      | Reached XP level 6. HP: 48/48 MP: 7/7
  4253 | D:4      | Found an iron altar of Okawaru.
  4329 | D:4      | Reached * piety under Okawaru
  4359 | D:4      | Found a stormy altar of Qazlal.
  4477 | D:4      | Found a broken altar of Ashenzari.
  4720 | D:5      | Entered Level 5 of the Dungeon
  4976 | D:5      | Found a shimmering blue altar of Sif Muna.
  5209 | D:5      | Reached ** piety under Okawaru
  5210 | D:5      | Reached skill level 4 in Polearms
  5210 | D:5      | Gained mutation: You have razor-sharp toenails. [demonic
                  | ancestry]
  5210 | D:5      | Reached XP level 7. HP: 32/54 MP: 9/9
  6022 | D:5      | Found a staircase to the Ecumenical Temple.
  6702 | D:6      | Noticed a yak
  6702 | D:6      | Noticed a yak
  6704 | D:6      | Noticed a yak
  6714 | D:6      | Killed a yak
  6715 | D:6      | Gained mutation: When hurt, damage is shared between your
                  | health and your magic reserves. [demonic ancestry]
  6715 | D:6      | Reached XP level 8. HP: 30/61 MP: 9/11
  6725 | D:6      | Reached skill level 5 in Polearms
  7149 | D:6      | Reached *** piety under Okawaru
  7205 | D:6      | Reached skill level 5 in Fighting
  7762 | D:7      | HP: 2/62 [orc (5)]
  8031 | D:7      | Noticed an eight-headed hydra
  8036 | D:7      | HP: 3/62 [eight-headed hydra (11)]
  8038 | D:7      | Reached skill level 5 in Invocations
  8048 | D:8      | Noticed Erica
  8093 | D:8      | Reached skill level 6 in Polearms
  8162 | D:8      | Gained mutation: You have very sharp fingernails. [demonic
                  | ancestry]
  8162 | D:8      | Reached XP level 9. HP: 20/68 MP: 6/12
  8173 | D:7      | Found a basalt altar of Yredelemnul.
  8440 | D:7      | Reached skill level 5 in Shields
  8986 | D:7      | Reached **** piety under Okawaru
  8987 | D:7      | Reached skill level 5 in Armour
  9073 | D:6      | Slain by an eight-headed hydra

Illustrated notes

Levels and vault maps discovered:
D:1:      wheals_arrival_shading, layout_loops_ring,
          chequers_ecumenical_altar_simple, st_stairs_11
D:2:      layout_basic, serial_undead, serial_undead_c, serial_undead_b,
          serial_undead_e, serial_undead_f, serial_undead_e, serial_undead_e,
          basic_altar, minmay_tetromino_s4
D:3:      layout_rooms
D:4:      layout_basic, mainiacjoe_overflow_cross_hatched, okawaru_trees_2,
          evilmike_ruin_ashenzari
D:5:      layout_cave_pods, old_standard_altar, elyvilon_altar_1,
          minmay_temple_entry_glassed_door, minmay_mini_ossuary
D:6:      layout_loops_ring
D:7:      layout_layer_cave, nicolae_overflow_crystal_walls,
          yredelemnul_forgotten_temple_becter, roderic_batcave,
          grunt_ministairs_7
D:8:      layout_rooms, mainiacjoe_overflow_divided_tiny, uniq_erica

Skill      XL: |  1  2  3  4  5  6  7  8  9 |
---------------+----------------------------+-----
Polearms       | 2 3 4 6 |  6.3
Shields        | 3 4 5 |  5.0
Armour         | 3 4 5 |  5.0
Dodging        | 1 2 3 |  3.9
Invocations    | 1 2 3 4 5 |  5.5
Fighting       | 4 5 |  5.5

Action                   |  1- 3 |  4- 6 |  7- 9 || total
-------------------------+-------+-------+-------++-------
Melee: Trident           |   193 |   305 |   259 ||   757
       Kick              |       |    19 |    84 ||   103
Invok: Heroism           |       |       |     1 ||     1
  Use: Scroll            |     2 |     5 |     6 ||    13
       Potion            |     1 |     3 |    11 ||    15
 Stab: Invisible         |       |       |     1 ||     1
Armor: Scale mail        |    86 |   175 |    73 ||   334
       Plate armour      |       |       |   167 ||   167
Dodge: Dodged            |    59 |   103 |    87 ||   249
Block: Kite shield       |   102 |   175 |   234 ||   511
